 Dungeon Crawl Stone Soup version 0.26-a0-752-gcff87cac9a (webtiles) character file.

Game seed: 98731215727824291

86 Queen the Grave Robber (level 4, -1/30 HPs)
             Began as a Mummy Necromancer on Nov 5, 2020.
             Killed from afar by Natasha (6 damage)
             ... with a magic dart
             ... on level 2 of the Dungeon.
             The game lasted 00:06:06 (1903 turns).

Queen the Grave Robber (Mummy Necromancer)          Turns: 1903, Time: 00:06:07

Health: -1/30      AC:  2    Str: 11    XL:     4   Next: 27%
Magic:  0/10       EV: 12    Int: 15    God:
Gold:   99         SH:  0    Dex: 12    Spells: 7/11 levels left

rFire    x . .     SeeInvis .   (no weapon)
rCold    + . .     Faith    .   (no shield)
rNeg     + + +     Spirit   .   a - +0 robe
rPois    ∞         Reflect  .   (no helmet)
rElec    .         Harm     .   (no cloak)
rCorr    .         Rampage  .   (no gloves)
MR       .....     Rnd*Tele +   (no boots)
Stlth    ++........             (no amulet)
HPRegen  0.10/turn              f - ring of teleportation (curse)
MPRegen  0.12/turn              (no ring)

@: very slightly contaminated
A: no potions, fire vulnerability, cold resistance 1, negative energy resistance
3, torment resistance, unbreathing
a: no special abilities


You were on level 2 of the Dungeon.
You visited 1 branch of the dungeon, and saw 2 of its levels.

You collected 99 gold pieces.

Inventory:

Armour
 a - a +0 robe (worn)
Jewellery
 f - a cursed ring of teleportation (left hand)
Scrolls
 b - 2 scrolls of identify {unknown}
 c - a scroll of teleportation {unknown}
 d - 2 scrolls of enchant armour {unknown}
 e - a scroll of noise {unknown}


   Skills:
 - Level 1.5 Dodging
 - Level 1.5 Stealth
 + Level 4.2 Spellcasting
 + Level 5.1 Necromancy


You had 7 spell levels left.
You knew the following spells:

 Your Spells              Type           Power        Failure   Level
a - Pain                  Necr           ###.         2%          1
b - Vampiric Draining     Necr           ###.......   6%          3

Your spell library contained the following spells:

 Spells                   Type           Power        Failure   Level
 Animate Skeleton         Necr           ###...       2%          1
 Animate Dead             Necr           ###.......   22%         4
 Agony                    Necr           ###.....     52%         5


Dungeon Overview and Level Annotations

Branches:
Dungeon (2/15)

Altars:
Dithmenos
Fedhas

Annotations:
D:2 Natasha


Innate Abilities, Weirdness & Mutations

You do not drink.
Your flesh is vulnerable to fire.
You are immune to poison.
Your flesh is cold resistant. (rC+)
You are immune to negative energy. (rN+++)
You are immune to unholy pain and torment.
You can survive without breathing.


Message History

Aim: Natasha (severely wounded)
You miscast Vampiric Draining.
You are very lightly contaminated with residual magic.
Nothing appears to happen.
Natasha claws you.
* * * LOW HITPOINT WARNING * * *
Casting: Vampiric Draining (dangerous; 6% risk of failure)
Confirm with . or Enter, or press ? or * to list all spells.
You don't have enough magic to cast that spell.
Casting: Vampiric Draining (dangerous; 6% risk of failure)
Confirm with . or Enter, or press ? or * to list all spells.
Aiming: Pain (safe; 2% risk of failure)
Press: ? - help, Shift-Dir - straight line, f/p - Natasha
Aim: Natasha (severely wounded, chance to defeat MR: 78%) Natasha writhes in agony.
Natasha claws you.
* * * LOW HITPOINT WARNING * * *
You closely miss Natasha.
Natasha is almost dead.
Natasha stares at you and mumbles some strange words.
The magic dart hits you.
You die...

#.....
#####...######.
#.._.. ##..#
..... #.....
#.........
...P.###
#.###.####
#.....##
##'###.# #(
..#...#
#<..##.# #.
#....# #....#.#
#. #.h..#
#......###.
♣.@..♣
#..........
♣)P.♣♣
#.......[..
♣♣)♣♣
#......#.#. )♣♣
#.....##†#. ♣
#....###.#.
#...## #...
##'## ###. #.#
. #).


You could see Natasha.

Vanquished Creatures
  Natasha (D:2)
  2 adders (D:2)
  A worm (D:2)
  A dart slug (D:1)
  2 leopard geckos
  3 bats (D:1)
  3 giant cockroaches
  4 goblins (D:1)
  3 hobgoblins (D:1)
  4 jackals (D:1)
  4 kobolds
  A ball python (D:1)
  2 frilled lizards
  5 rats
36 creatures vanquished.

Vanquished Creatures (others)
  17 fungi (D:2)
  A plant (D:2)
18 creatures vanquished.

Grand Total: 54 creatures vanquished

Notes
Turn   | Place    | Note
-------+----------+-------------------------------------------
     0 | D:1      | Queen the Mummy Necromancer began the quest for the Orb.
     0 | D:1      | Reached XP level 1. HP: 13/13 MP: 4/4
   322 | D:1      | Reached XP level 2. HP: 19/19 MP: 3/5
   915 | D:1      | Reached XP level 3. HP: 18/24 MP: 0/7
  1555 | D:2      | Found a shadowy altar of Dithmenos.
  1560 | D:2      | Learned a level 3 spell: Vampiric Draining
  1596 | D:2      | Noticed Natasha
  1601 | D:2      | Killed Natasha
  1601 | D:2      | Reached skill level 5 in Necromancy
  1601 | D:2      | Reached XP level 4. HP: 20/30 MP: 2/10
  1834 | D:2      | Noticed Natasha
  1896 | D:2      | Found a blossoming altar of Fedhas.
  1903 | D:2      | Killed from afar by Natasha

Illustrated notes

Levels and vault maps discovered:
D:1:      lightli_arrival_windingriver, layout_basic
D:2:      layout_loops_corners, nicolae_overflow_hidden_temple, fedhas_altar_3,
          kennysheep_flooded_box, nicolae_dithmenos_shadow_blocks,
          uniq_crazy_yiuf_cottage, uniq_natasha

Skill      XL: |  1  2  3 |
---------------+----------+-----
Spellcasting   | 3 4 |  4.2
Necromancy     | 5 |  5.1
Dodging        | |  1.5
Stealth        | |  1.5

Action                   |  1- 3 |  4- 6 || total
-------------------------+-------+-------++-------
Melee: Unarmed           |     3 |     1 ||     4
 Cast: Pain              |    65 |    15 ||    80
       Vampiric Draining |     1 |       ||     1
Armor: Robe              |     4 |       ||     4
Dodge: Dodged            |    12 |     2 ||    14

Table legend: (Time is in decaauts)
 A = Elapsed time spent in this place.
 B = Non-inter-level travel time spent in this place.
 C = Inter-level travel time spent in this place.
 D = Time resting spent in this place.
 E = Time spent auto-exploring this place.
 F = Levels seen in this place.
 G = Mean time per level.
                   A        B        C        D        E       F      G
               +--------+--------+--------+--------+--------+-----+--------+
         Total |   1902 |   1848 |     54 |    178 |   1418 |   2 |  951.0 |
       Dungeon |   1902 |   1848 |     54 |    178 |   1418 |   2 |  951.0 |
               +--------+--------+--------+--------+--------+-----+--------+

Top non-repeatable levels by time:
     D:1: 1400 daAuts
     D:2: 502 daAuts
